 Dungeon Crawl Stone Soup version bcrawl-1.38.1 (webtiles) character file.

Game seed: 16509349866932021272

133834 Alturiack the Charmwright (level 3, 0/21 HPs)
             Began as an Avariel Skald on Apr 9, 2023.
             Slain by a dart slug (1 damage)
             ... on level 2 of the Dungeon.
             The game lasted 00:06:56 (1200 turns).

Alturiack the Charmwright (Avariel Skald)           Turns: 1200, Time: 00:06:57

Health: 0/21       AC:  5    Str:  9    XL:     3   Next: 89%
Magic:  6/9        EV: 12    Int: 18    God:
Gold:   81         SH:  0    Dex: 13    Spells: 7/8 levels left

rFire    + . .     GDR:     26% a - +0 rapier
rCold    + . .     SeeInvis .   (no shield)
rNeg     . . .     Gourm    .   b - +0 leather armour
rPois    .         Faith    .   (no helmet)
rElec    .         Spirit   .   l - scarf {rC+ rF+}
rCorr    .         Reflect  .   (no gloves)
MR       .....                  (no boots)
Stlth    +.........             d - amulet of magic regeneration
HPRegen  0.13/turn              i - +2 ring of protection
MPRegen  0.19/turn              (no ring)

@: lethally poisoned (0 -> -4), infused (expiring)
A: no striking features
a: no special abilities


You were on level 2 of the Dungeon.
You were not hungry.

You visited 1 branch of the dungeon, and saw 2 of its levels.

You collected 81 gold pieces.

Inventory:

Hand Weapons
 a - a +0 rapier (weapon)
 m - a +0 long sword
Armour
 b - a +0 leather armour (worn)
 g - a +0 cloak
 l - a scarf of resistance (worn)
Jewellery
 d - an amulet of magic regeneration (around neck)
 i - a +2 ring of protection (left hand)
Scrolls
 f - a scroll of fear
 h - 3 scrolls of teleportation {unknown}
 j - a scroll of enchant armour {unknown}
Potions
 c - 2 potions of mutation {unknown}
 k - a potion of haste {unknown}
 n - a potion of curing {unknown}
Comestibles
 e - 3 rations {!d}


   Skills:
 + Level 1.8 Fighting
 * Level 3.0 Short Blades
 - Level 1.1 Armour
 * Level 2.4 Dodging
 + Level 0.6 Stealth
 * Level 3.4 Spellcasting
 * Level 4.2 Charms


You had 7 spell levels left.
You knew the following spells:

 Your Spells              Type           Power        Failure   Level  Hunger
a - Infusion              Chrm           ###.....     3%          1    None

Your spell library contained the following spells:

 Spells                   Type           Power        Failure   Level  Hunger
 Song of Slaying          Chrm           ###.....     5%          2    None
 Swiftness                Chrm/Air       ##......     13%         2    None
 Ozocubu's Armour         Chrm/Ice       ##......     26%         3    ####...
 Regeneration             Chrm/Necr      ##........   26%         3    ####...
 Spectral Weapon          Hex/Chrm       ##......     26%         3    ####...


Dungeon Overview and Level Annotations

Branches:
Dungeon (2/12)

Altars:
Uskayaw


Message History

The dart slug launches a dart at you.
The slug dart hits you but does no damage.
Your Short Blades skill increases to level 3!
* * * LOW HITPOINT WARNING * * *
You feel sick.
* * * LOW HITPOINT WARNING * * *
You feel sick.
* * * LOW HITPOINT WARNING * * *
You feel sick.
* * * LOW HITPOINT WARNING * * *
You feel sick.
You hit the dart slug.
The dart slug is heavily wounded.
Your magical infusion is running out.
The dart slug barely misses you.
You hit the dart slug.
The dart slug is severely wounded.
* * * LOW HITPOINT WARNING * * *
You feel sick. The dart slug bites you.
You die...

. ###.#...##
#.#.......>##
...........### ###
#............ ..#
#.........# #.#
###........# #.#
.......†..# #.# .
.....###w#########.###...
#.# #.@...†.....)......
#..#########.###..# #..#
#.# #..# ....# #†# #..#
####.# #######.# #..# ..#
#.......# #..# ###
#.####### #..# #.# #..#
#.# ###..#


You could see a dart slug.

Vanquished Creatures
  An adder (D:2)
  7 leopard geckos
  6 bats
  A giant cockroach (D:2)
  4 hobgoblins
  A jackal (D:2)
  4 kobolds
  A quokka (D:2)
  A frilled lizard (D:1)
  4 goblins
  4 rats
34 creatures vanquished.

Notes
Turn   | Place    | Note
-------+----------+-------------------------------------------
     0 | D:1      | Alturiack the Avariel Skald began the quest for the Orb.
     0 | D:1      | Reached XP level 1. HP: 12/12 MP: 6/6
    42 | D:1      | Reached skill level 4 in Charms
   177 | D:1      | Reached XP level 2. HP: 16/17 MP: 7/7
   558 | D:1      | Reached XP level 3. HP: 21/21 MP: 9/9
   923 | D:2      | Found a hide-covered altar of Uskayaw.
   925 | D:2      | Noticed a +0 spear
   925 | D:2      | Noticed a +0 short sword
   926 | D:2      | Noticed a +0 spear
   927 | D:2      | Noticed a +0 falchion
   931 | D:2      | Noticed a +0 dagger
   931 | D:2      | Noticed a +0 dagger
   932 | D:2      | Noticed a +0 falchion
   934 | D:2      | Noticed a +0 short sword
  1198 | D:2      | HP: 1/21 [poisoned by an adder]
  1200 | D:2      | Slain by a dart slug

Skill      XL: |  1  2  3 |
---------------+----------+-----
Charms         | 4 |  4.2
Spellcasting   | 3 |  3.4
Short Blades   | 3 |  3.0
Fighting       | |  1.8
Armour         | |  1.1
Dodging        | |  2.4
Stealth        | |  0.6

Action                   || total
-------------------------++-------
Melee: Rapier            ||    99
 Cast: Infusion          ||     9
 Stab: Sleeping          ||     1
  Eat: Ration            ||     1
       Chunk             ||     1
Armor: Leather armour    ||    45
Dodge: Dodged            ||   108
